 Dungeon Crawl Stone Soup version 0.17-a0-2220-g6fea741 (console) character file.

30468 Kellhus the Zephyrmancer (level 13, -5/86 HPs)
             Began as a Vampire Wizard on Oct 28, 2015.
             Was a High Priest of Vehumet.
             Killed by an exploding ball lightning (25 damage)
             ... created by the player character
             ... on level 5 of the Lair of Beasts.
             The game lasted 00:58:38 (19582 turns).

Kellhus the Zephyrmancer (Vampire Wizard)          Turns: 19582, Time: 00:58:38

Health: -5/86      AC: 14    Str:  6    XL:     13   Next: 20%
Magic:  20/27      EV: 12    Int: 26    God:    Vehumet [*****.]
Gold:   866        SH:  0    Dex: 11    Spells: 8 memorised, 3 levels left

rFire  . . .     SeeInvis +     b - +1 blowgun
rCold  + . .     Clarity  .     G - +0 robe
rNeg   + . .     SustAt   .     (no shield)
rPois  +         Gourm    .     w - +0 helmet
rElec  .         Spirit   .     V - +2 cloak {rPois}
rCorr  .         Warding  .     y - +0 pair of gloves
rMut   .         Stasis   .     f - +2 pair of boots
MR     +....                    j - amulet of faith
Stlth  ++........               v - ring of wizardry
                                T - ring of protection from cold

@: somewhat resistant to hostile enchantments, unstealthy
A: fangs 3, rough black scales 1, see invisible, unbreathing
a: Bat Form, Renounce Religion


You were on level 5 of the Lair of Beasts.
You worshipped Vehumet.
Vehumet was extremely pleased with you.
You were not thirsty.

You visited 3 branches of the dungeon, and saw 16 of its levels.

You collected 866 gold pieces.

Inventory:

Hand Weapons
 a - the +8 whip of Judgement {pain, Stlth+}
   (You found it on level 3 of the Lair of Beasts)

   In the hands of one skilled in necromantic magic, it inflicts extra damage on
   living creatures.
   It makes you more stealthy.
 b - a +1 blowgun (weapon)
 g - the +1 great sword of Propriety {venom, Str+3}
   (You found it on level 4 of the Lair of Beasts)

   It poisons the flesh of those it strikes.
   It affects your strength (+3).
 u - a +0 short sword of electrocution
 P - a +0 dagger of venom
Missiles
 z - 29 poisoned needles (quivered)
Armour
 f - a +2 pair of boots (worn)
 w - a +0 helmet (worn)
 y - a +0 pair of gloves (worn)
 G - a +0 robe (worn)
 V - a +2 cloak of poison resistance (worn)
Jewellery
 e - a +3 ring of strength
 j - an amulet of faith (around neck)
 v - a ring of wizardry (right hand)
 T - a ring of protection from cold (left hand)
 W - an uncursed amulet of guardian spirit {unknown}
Wands
 i - a wand of flame (31)
 l - a wand of paralysis (6)
 q - a wand of disintegration (3)
 H - a wand of frost (24)
 Q - a wand of polymorph (13)
 R - a wand of draining (0)
 S - a wand of confusion (29)
Scrolls
 d - 5 scrolls of recharging
 r - 4 scrolls of teleportation
 t - a scroll of random uselessness
 C - 3 scrolls of identify
 D - a scroll of enchant armour
 E - 2 scrolls of remove curse
 J - 2 scrolls of enchant weapon
 M - a scroll of blinking
 Y - a scroll of amnesia
Potions
 h - a potion of agility
 k - 2 potions of heal wounds
 m - a potion of mutation
 o - 4 potions of brilliance
 p - a potion of flight
 s - a potion of ambrosia
 x - 2 potions of cure mutation
 A - 4 potions of curing
 B - 3 potions of berserk rage
 L - 2 potions of haste
 N - 2 potions of invisibility
 U - a potion of cancellation
 X - 15 potions of blood
 Z - a potion of magic
Books
 n - a book of Spatial Translocations

   Spells                             Type                      Level
   a - Apportation                    Translocation                1
   b - Blink                          Translocation                2
   c - Shroud of Golubria             Charms/Translocation         2
   d - Portal Projectile              Translocation                3
   e - Teleport Other                 Translocation                3
   f - Passage of Golubria            Translocation                4


   Skills:
 - Level 3.3 Fighting
 - Level 2.1 Dodging
 - Level 3.0 Stealth
 - Level 10.1 Spellcasting
 - Level 9.0 Conjurations
   Level 1.0 Summonings
 - Level 0.7 Translocations
 + Level 12.0 Air Magic
 - Level 10.0 Poison Magic


You had 3 spell levels left.
You knew the following spells:

 Your Spells              Type           Power        Failure   Level  Hunger
a - Magic Dart            Conj           ####         1%          1    None
b - Conjure Flame         Conj/Fire      #####...     1%          3    None
c - Mephitic Cloud        Conj/Pois/Air  ######..     1%          3    None
d - Conjure Ball Lightni  Conj/Air       ######....   1%          6    #####..
g - Poison Arrow          Conj/Pois      ######....   1%          6    #####..
l - Blink                 Tloc           N/A          2%          2    None
p - Poisonous Cloud       Conj/Pois/Air  ######....   1%          6    #####..
r - Repel Missiles        Chrm/Air       #####.       1%          2    None


Dungeon Overview and Level Annotations

Branches:
Dungeon (10/15)            Temple (1/1) D:4            Lair (5/8) D:8
 Shoals (0/4) Lair:4        Snake (0/4) Lair:4
    Orc: D:9-12

Altars:
Ashenzari
Cheibriados
Dithmenos
Elyvilon
Fedhas
Gozag
Kikubaaqudgha
Makhleb
Nemelex Xobeh
Okawaru
Qazlal
Ru
Sif Muna
Trog
Vehumet
Xom
Yredelemnul
Zin
The Shining One

Portals:
Ice
Cave: Lair:5


Innate Abilities, Weirdness & Mutations

You have razor-sharp teeth.
You have supernaturally acute eyesight.
You can survive without breathing.
You are partially covered in rough black scales (AC +4, Dex -1).


Message History

You create some ball lightning!
The white imp gestures at you. The puff of frost misses you.
Your ball lightning explodes!
The blast of lightning engulfs you!
* * * LOW HITPOINT WARNING * * *
The blast of lightning engulfs your ball lightning.
Your ball lightning completely resists.
The blast of lightning engulfs your ball lightning.
Your ball lightning completely resists.
The blast of lightning engulfs the plant.
The plant is heavily damaged.
The blast of lightning engulfs the white imp.
You kill the white imp!
Vehumet accepts your kill.
Your ball lightning explodes!
The blast of lightning engulfs your ball lightning.
Your ball lightning completely resists.
The blast of lightning engulfs you!
You die...

*** ##....#,*##.... **,*
*****#..P..####...P.
*********,****....##.P..#..##....
**,,*,,*,,,,,,.......#.P.#.......
,,,,,,*,,,****,.P...##...........
,,,,,,,,,,* ***#PP..............
*,,,,,,,,,* #####PP###....##.#..
,,*,,,,,,,####P.#..P#.#.P#.###...
,,,,,,,,,,#.....@.......##.P.##..
*,,,,,,,,...........#.###........
,,,,,,,,,F..........#.#*,.#....#.
*,,,,,***.........*5.##**,*#.....
*,,,,,* *##P.....##55#**,,*,##..,
,,,,,,****##P...###5YS.#,,,,***,,
,,*,,*,*,*,##...**...5)....,*,,,,
,,,,,**,,,,.P.#.,.........#***,,,
*,*,,*,,,,,...,,.##....∩..#***,*,


You could see a yak, a water moccasin, a giant frog, 5 white imps and a friendly
ball lightning.

Vanquished Creatures
  3 hydras
  A queen ant (Lair:3)
  3 death yaks (Lair:4)
  An unseen horror (D:10)
  A hill giant (D:10)
  A griffon (Lair:4)
  2 sirens (Lair:4)
  A centaur zombie (D:10)
  3 elephants
  2 black mambas (Lair:3)
  A gargoyle (D:10)
  6 spiny frogs
  5 komodo dragons
  2 fire drakes
  17 blink frogs
  2 merfolk (Lair:4)
  Prince Ribbit (D:9)
  A basilisk (Lair:2)
  3 hippogriffs
  26 yaks
  A hungry ghost (D:10)
  4 porcupines
  20 soldier ants (Lair:3)
  A naga (Lair:4)
  3 water moccasins
  Duvessa (D:6)
  5 sky beasts
  9 orc warriors
  3 ice beasts
  2 wasps (D:8)
  A necrophage (D:9)
  5 ogres
  2 phantoms (D:7)
  6 crocodiles
  4 centaurs
  A brain worm (D:8)
  6 giant frogs
  3 big kobolds
  Dowan (D:6)
  5 scorpions
  16 killer bees
  A quasit (D:6)
  A jelly (D:5)
  A hound (D:8)
  2 crimson imps
  8 iguanas
  6 orc priests
  11 orc wizards
  A centaur skeleton (D:6)
  Natasha (thrice) (D:3)
  32 worker ants
  5 sheep (Lair:4)
  8 adders
  44 river rats
  A shadow imp (D:7)
  7 white imps (Lair:5)
  2 oozes
  A worm (D:2)
  An adder skeleton (D:6)
  4 giant geckos
  44 orcs
  4 giant cockroaches
  7 goblins
  11 hobgoblins
  18 jackals
  7 quokkas
  2 ball pythons
  9 bats
  A giant gecko skeleton (D:6)
  5 giant newts
  A jackal skeleton (D:4)
  20 kobolds
  7 rats
456 creatures vanquished.

Vanquished Creatures (collateral kills)
  A killer bee (D:8)
1 creature vanquished.

Vanquished Creatures (others)
  15 ball lightnings
  A killer bee (D:9)
  13 fungi
  A plant (Lair:2)
30 creatures vanquished.

Grand Total: 487 creatures vanquished

Notes
Turn   | Place    | Note
--------------------------------------------------------------
     0 | D:1      | Kellhus the Vampire Wizard began the quest for the Orb.
     0 | D:1      | Reached XP level 1. HP: 13/13 MP: 4/4
   115 | D:1      | Reached skill level 1 in Conjurations
   231 | D:1      | Reached XP level 2. HP: 8/19 MP: 0/6
   943 | D:1      | Reached XP level 3. HP: 24/24 MP: 1/7
  1524 | D:2      | Found a glowing golden altar of the Shining One.
  1995 | D:2      | Reached XP level 4. HP: 30/30 MP: 6/8
  2723 | D:3      | Found a stormy altar of Qazlal.
  2826 | D:3      | Learned a level 3 spell: Conjure Flame
  2830 | D:3      | Learned a level 3 spell: Mephitic Cloud
  2833 | D:3      | Learned a level 2 spell: Blink
  2986 | D:3      | Noticed Natasha
  2997 | D:3      | Killed Natasha
  2997 | D:3      | Reached XP level 5. HP: 29/35 MP: 0/9
  3117 | D:3      | Noticed Natasha
  3120 | D:3      | Killed Natasha
  3237 | D:3      | Found a sparkling altar of Nemelex Xobeh.
  3265 | D:3      | Found an iron altar of Okawaru.
  3266 | D:3      | Found a deep blue altar of Sif Muna.
  3266 | D:3      | Found a white marble altar of Elyvilon.
  3266 | D:3      | Found a burning altar of Makhleb.
  3498 | D:3      | Noticed Natasha
  3501 | D:3      | Killed Natasha
  3538 | D:3      | Found an ancient bone altar of Kikubaaqudgha.
  3770 | D:4      | Reached skill level 4 in Conjurations
  4074 | D:4      | Found a staircase to the Ecumenical Temple.
  4080 | Temple   | Entered the Ecumenical Temple
  4231 | Temple   | Became a worshipper of Vehumet
  4510 | D:4      | Found a deep blue altar of Sif Muna.
  4818 | D:4      | Reached XP level 6. HP: 39/41 MP: 4/10
  5056 | D:5      | Entered Level 5 of the Dungeon
  5194 | D:5      | Reached skill level 5 in Conjurations
  5254 | D:5      | Reached XP level 7. HP: 44/46 MP: 4/11
  5455 | D:5      | Learned a level 2 spell: Repel Missiles
  5879 | D:6      | Reached skill level 6 in Conjurations
  6189 | D:6      | Noticed Duvessa
  6189 | D:6      | Noticed Dowan
  6204 | D:6      | Killed Dowan
  6221 | D:6      | Killed Duvessa
  6381 | D:6      | Reached * piety under Vehumet
  6381 | D:6      | Offered knowledge of Shock by Vehumet.
  6430 | D:6      | Reached skill level 5 in Spellcasting
  6524 | D:6      | Reached skill level 1 in Air Magic
  6629 | D:6      | Reached XP level 8. HP: 52/52 MP: 4/15
  7284 | D:7      | Reached skill level 5 in Air Magic
  7447 | D:7      | Reached ** piety under Vehumet
  7447 | D:7      | Offered knowledge of Sting by Vehumet.
  7771 | D:7      | Reached skill level 7 in Air Magic
  7841 | D:7      | Reached XP level 9. HP: 57/57 MP: 0/16
  8212 | D:7      | Reached skill level 8 in Air Magic
  8593 | D:7      | Found a sacrificial altar of Ru.
  8593 | D:7      | Found a shimmering altar of Xom.
  9063 | D:8      | Offered knowledge of Static Discharge by Vehumet.
  9205 | D:8      | Found a staircase to the Lair.
  9312 | D:8      | Reached *** piety under Vehumet
  9624 | D:8      | Reached skill level 9 in Air Magic
  9670 | D:8      | Offered knowledge of Ignite Poison by Vehumet.
 10193 | D:9      | Noticed Prince Ribbit
 10217 | D:9      | Killed Prince Ribbit
 10217 | D:9      | Reached skill level 10 in Air Magic
 10217 | D:9      | Reached XP level 10. HP: 63/63 MP: 17/20
 10353 | D:9      | Reached **** piety under Vehumet
 10483 | D:9      | Found a burning altar of Makhleb.
 10514 | D:9      | Offered knowledge of Bolt of Magma by Vehumet.
 10900 | D:9      | Reached skill level 11 in Air Magic
 10930 | D:9      | Found a basalt altar of Yredelemnul.
 11014 | D:9      | Reached skill level 1 in Fighting
 11299 | D:9      | Learned a level 6 spell: Poisonous Cloud
 11307 | D:10     | Entered Level 10 of the Dungeon
 11513 | D:10     | Reached ***** piety under Vehumet
 11681 | D:10     | Offered knowledge of Poison Arrow by Vehumet.
 11722 | D:10     | Reached skill level 1 in Poison Magic
 11731 | D:10     | Learned a level 6 spell: Poison Arrow
 12174 | D:10     | Noticed a hill giant
 12315 | D:10     | Killed a hill giant
 12315 | D:10     | Reached skill level 5 in Poison Magic
 12554 | D:10     | Noticed an unseen horror
 12578 | D:10     | Killed an unseen horror
 12578 | D:10     | Reached XP level 11. HP: 71/75 MP: 16/21
 12655 | D:10     | Gained mutation: You are partially covered in rough black scales (AC +4, Dex -1). [potion of beneficial mutation]
 12804 | Lair:1   | Entered Level 1 of the Lair of Beasts
 13994 | Lair:2   | Noticed a five-headed hydra
 14004 | Lair:2   | Killed a five-headed hydra
 15058 | Lair:2   | Offered knowledge of Lee's Rapid Deconstruction by Vehumet.
 15624 | Lair:3   | Reached XP level 12. HP: 81/81 MP: 5/24
 15807 | Lair:3   | Noticed a seven-headed hydra
 16251 | Lair:3   | Noticed a queen ant
 16749 | Lair:3   | Killed a seven-headed hydra
 16751 | Lair:3   | Reached skill level 10 in Poison Magic
 16863 | Lair:3   | Killed a queen ant
 17288 | Lair:3   | Offered knowledge of Conjure Ball Lightning by Vehumet.
 17737 | Lair:3   | Got a bloodstained whip
 17747 | Lair:3   | Identified the +8 whip of Judgement {pain, Stlth+} (You found it on level 3 of the Lair of Beasts)
 17812 | Lair:4   | Reached skill level 12 in Air Magic
 17860 | Lair:4   | Found a staircase to the Snake Pit.
 17994 | Lair:4   | Got a scorched great sword
 17995 | Lair:4   | Identified the cursed +1 great sword of Propriety {venom, Str+3} (You found it on level 4 of the Lair of Beasts)
 18316 | Lair:4   | Reached XP level 13. HP: 84/86 MP: 18/26
 18437 | Lair:4   | Learned a level 6 spell: Conjure Ball Lightning
 19007 | Lair:4   | Reached skill level 10 in Spellcasting
 19027 | Lair:4   | Found a staircase to the Shoals.
 19573 | Lair:5   | Found a frozen archway.
 19582 | Lair:5   | Killed by an exploding ball lightning

Vault maps used:
D:1:      lightli_arrival_isolated_outpost
D:2:      marbit_many_paths, amalloy_card_club
D:3:      grunt_qazlal_clouds, kiku_gazebo_pond_becter,
          grunt_temple_overflow_open, uniq_natasha
D:4:      minmay_temple_entry_fiery, minivault_27, grunt_ministairs_1,
          led_sif_book
D:5:      first_bread, hex_large
D:6:      wad_crossroads, uniq_duvessa
D:7:      amethyst_overflow_temple_binary
D:8:      dpeg_oklobed_lair, hangedman_pestilent_swarm
D:9:      old_standard_altar, basic_altar, uniq_prince_ribbit1
Temple:   minmay_temple_curvy_8
Lair:2:   serial_bayou_shore_b
Lair:3:   minivault_29, lemuel_fruit_tree
Lair:4:   elwin_shoals_entry_stream, guppyfry_snake_entry_garden
Lair:5:   portal_ice_cave_entry_imps

Action                   |  1- 3 |  4- 6 |  7- 9 | 10-12 | 13-15 || total
-------------------------+-------+-------+-------+-------+-------++-------
Melee: Unarmed           |    24 |    11 |       |       |       ||    35
       Dagger            |       |     1 |     1 |       |       ||     2
 Fire: Blowgun           |       |    27 |   184 |   230 |    10 ||   451
 Cast: Magic Dart        |   103 |   131 |   257 |   527 |     6 ||  1024
       Mephitic Cloud    |       |     7 |    22 |    31 |     3 ||    63
       Conjure Flame     |       |     1 |     4 |    13 |       ||    18
       Repel Missiles    |       |       |     1 |       |       ||     1
       Poison Arrow      |       |       |       |    25 |     7 ||    32
       Poisonous Cloud   |       |       |       |    38 |     5 ||    43
       Blink             |       |       |       |     3 |       ||     3
       Conjure Ball Ligh |       |       |       |       |     7 ||     7
Evoke: Wand              |       |       |       |    13 |     1 ||    14
  Use: Potion            |    12 |    14 |    22 |    56 |     9 ||   113
       Scroll            |       |     7 |     9 |     8 |     9 ||    33
 Stab: Confused          |       |     3 |    10 |    17 |       ||    30
       Sleeping          |       |     1 |     1 |     4 |       ||     6
